DSL
DSL COLORADO ROCKIES @ DSL BOSTON RED SOX
05/01/2042
 
TOP OF THE 1ST
DSL Colorado Rockies batting - Pitching for DSL Boston Red Sox : RHP Jesús Sánchez
Pitching: RHP Jesús Sánchez
Batting: RHB Luis Fuentes 0-0: Called Strike
0-1: Swinging Strike
0-2: Ball
1-2: Ball
2-2: Foul Ball, location: 2LF
2-2: Strikes out swinging
Batting: LHB Iván Gonzáles 0-0: Ball
1-0: Ball
2-0: Called Strike
2-1: Ball
3-1: Foul Ball, location: 3F
3-2: Strikes out looking
Batting: RHB Joe Thomas 0-0: Ball
1-0: Called Strike
1-1: Foul Ball, location: 9LSF
1-2: Ball
2-2: Foul Ball, location: 2F
2-2: Ball
3-2: Base on Balls
Batting: LHB Luis Salazar 0-0: Ball
1-0: Swinging Strike
1-1: Ground out 4-3 (Groundball, 4, EV 83.1 MPH)
Top of the 1st over - 0 runs, 0 hits, 0 errors, 1 left on base; DSL Colorado 0 - DSL Boston 0
BOTTOM OF THE 1ST
DSL Boston Red Sox batting - Pitching for DSL Colorado Rockies : LHP Aurelio Camacho
Pitching: LHP Aurelio Camacho
Batting: SHB Juan Padilla 0-0: Ball
1-0: Called Strike
1-1: Ball
2-1: Ball
3-1: SOLO HOME RUN (Flyball, 8RXD, EV 111.3 MPH), Distance : 415 ft
Batting: SHB Al McFadden 0-0: Ball
1-0: Foul Ball, location: 9LMF
1-1: Ball
2-1: Ball
3-1: Swinging Strike
3-2: Ground out 3-1 (Groundball, 34, EV 103.1 MPH)
Batting: RHB Arturo Moreno 0-0: Swinging Strike
0-1: Swinging Strike
0-2: Ball
1-2: Ground out U3 (Groundball, 34, EV 94.4 MPH)
Batting: LHB José Quintero 0-0: Called Strike
0-1: Ball
1-1: Swinging Strike
1-2: Ground out 4-3 (Groundball, 4, EV 91.3 MPH)
Bottom of the 1st over - 1 run, 1 hit, 0 errors, 0 left on base; DSL Colorado 0 - DSL Boston 1
TOP OF THE 2ND
DSL Colorado Rockies batting - Pitching for DSL Boston Red Sox : RHP Jesús Sánchez
Batting: RHB Luis Rosales 0-0: Swinging Strike
0-1: Foul Ball, location: 2F
0-2: Foul Ball, location: 9LMF
0-2: Ball
1-2: Ball
2-2: Ground out 5-3 (Groundball, 5L, EV 103.8 MPH)
Batting: LHB Raúl Rodríguez 0-0: Called Strike
0-1: Foul Ball, location: 7LSF
0-2: Foul Ball, location: 2F
0-2: Hit by Pitch
Batting: LHB David Salinas 0-0: Swinging Strike
0-1: Called Strike
0-2: Strikes out looking
Batting: RHB Chris Williams 0-0: Ball
1-0: Ball
2-0: Ball
3-0: Base on Balls
Raúl Rodríguez to second
Batting: RHB Anastasio Castillo 0-0: Ball
1-0: Called Strike
1-1: Foul Ball, location: 9LDF
1-2: Strikes out swinging
Top of the 2nd over - 0 runs, 0 hits, 0 errors, 2 left on base; DSL Colorado 0 - DSL Boston 1
BOTTOM OF THE 2ND
DSL Boston Red Sox batting - Pitching for DSL Colorado Rockies : LHP Aurelio Camacho
Batting: RHB Juan Vázquez 0-0: Ball
1-0: Called Strike
1-1: Swinging Strike
1-2: Strikes out swinging
Batting: LHB Héctor Valentín 0-0: Called Strike
0-1: Ball
1-1: Ball
2-1: Swinging Strike
2-2: Ball
3-2: Foul Ball, location: 3DF
3-2: Strikes out swinging
Batting: RHB Maziba Faraji 0-0: Called Strike
0-1: Ball
1-1: Called Strike
1-2: Fly out, F7 (Line Drive, 7, EV 110.0 MPH)
Bottom of the 2nd over - 0 runs, 0 hits, 0 errors, 0 left on base; DSL Colorado 0 - DSL Boston 1
TOP OF THE 3RD
DSL Colorado Rockies batting - Pitching for DSL Boston Red Sox : RHP Jesús Sánchez
Batting: RHB Luis Fuentes 0-0: Swinging Strike
0-1: Swinging Strike
0-2: Strikes out looking
Batting: LHB Iván Gonzáles 0-0: Ball
1-0: Swinging Strike
1-1: Ball
2-1: DOUBLE (Line Drive, 5D, EV 98.8 MPH)
Batting: RHB Joe Thomas 0-0: Foul Ball, location: 9LMF
0-1: Fly out, F5 (Popup, 5SF, EV 85.6 MPH)
Batting: LHB Luis Salazar 0-0: Ball
1-0: Foul Ball, location: 2F
1-1: Ground out 6-3 (Groundball, 6M, EV 86.9 MPH)
Top of the 3rd over - 0 runs, 1 hit, 0 errors, 1 left on base; DSL Colorado 0 - DSL Boston 1
BOTTOM OF THE 3RD
DSL Boston Red Sox batting - Pitching for DSL Colorado Rockies : LHP Aurelio Camacho
Batting: LHB Daniel Martínez 0-0: Called Strike
0-1: Hit by Pitch
Batting: RHB Jed Walker 0-0: Sac Bunt to 2R - play at first, batter OUT! 2-3
Daniel Martínez to second
Batting: SHB Juan Padilla 0-0: Ball
1-0: Foul Ball, location: 25F
1-1: Foul Ball, location: 2LF
1-2: Strikes out swinging
Batting: SHB Al McFadden 0-0: Foul Ball, location: 3SF
0-1: Swinging Strike
0-2: Ball
1-2: Ball
2-2: Strikes out swinging
Bottom of the 3rd over - 0 runs, 0 hits, 0 errors, 1 left on base; DSL Colorado 0 - DSL Boston 1
TOP OF THE 4TH
DSL Colorado Rockies batting - Pitching for DSL Boston Red Sox : RHP Jesús Sánchez
Batting: RHB Luis Rosales 0-0: Swinging Strike
0-1: Called Strike
0-2: Strikes out swinging, 2-3 out at first.
Batting: LHB Raúl Rodríguez 0-0: Called Strike
0-1: Fly out, F7 (Flyball, 78D, EV 106.3 MPH)
Batting: LHB David Salinas 0-0: Ball
1-0: Called Strike
1-1: Foul Ball, location: 5FF
1-2: Foul Ball, location: 2F
1-2: Ball
2-2: Strikes out swinging wild pitch, reaches first!
Batting: RHB Chris Williams 0-0: Reached on error, E9 (Flyball, 9, EV 82.5 MPH)
David Salinas to third
Batting: RHB Anastasio Castillo 0-0: Ball
1-0: Ball
2-0: Swinging Strike
2-1: Ball
3-1: Called Strike
3-2: Foul Ball, location: 2F
3-2: Foul Ball, location: 5FF
3-2: Foul Ball, location: 2F
3-2: Foul Ball, location: 23F
3-2: Strikes out swinging
Top of the 4th over - 0 runs, 0 hits, 1 error, 2 left on base; DSL Colorado 0 - DSL Boston 1
BOTTOM OF THE 4TH
DSL Boston Red Sox batting - Pitching for DSL Colorado Rockies : LHP Aurelio Camacho
Batting: RHB Arturo Moreno 0-0: Ball
1-0: Foul Ball, location: 7LMFF
1-1: Ground out 6-3 (Groundball, 6, EV 95.0 MPH)
Batting: LHB José Quintero 0-0: Ball
1-0: SINGLE (Groundball, 4, EV 88.1 MPH)
Batting: RHB Juan Vázquez 0-0: Ball
1-0: Ball
2-0: Called Strike
2-1: Ball
3-1: Ground out 6-3 (Groundball, 6M, EV 85.6 MPH)
José Quintero to second
Batting: LHB Héctor Valentín 0-0: Called Strike
0-1: Ball
1-1: Ball
2-1: Foul Ball, location: 2LF
2-2: Fly out, F7 (Flyball, 7LM, EV 87.5 MPH)
Bottom of the 4th over - 0 runs, 1 hit, 0 errors, 1 left on base; DSL Colorado 0 - DSL Boston 1
TOP OF THE 5TH
DSL Colorado Rockies batting - Pitching for DSL Boston Red Sox : RHP Jesús Sánchez
Batting: RHB Luis Fuentes 0-0: Ball
1-0: Ball
2-0: Called Strike
2-1: Ground out 5-3 (Groundball, 5, EV 94.4 MPH)
Pitching: RHP Noriaki Kimura
Batting: LHB Iván Gonzáles 0-0: Called Strike
0-1: Ball
1-1: Ball
2-1: Ball
3-1: Foul Ball, location: 2F
3-2: Strikes out swinging
Batting: RHB Joe Thomas 0-0: Called Strike
0-1: Called Strike
0-2: Foul Ball, location: 2F
0-2: Strikes out swinging
Top of the 5th over - 0 runs, 0 hits, 0 errors, 0 left on base; DSL Colorado 0 - DSL Boston 1
BOTTOM OF THE 5TH
DSL Boston Red Sox batting - Pitching for DSL Colorado Rockies : LHP Aurelio Camacho
Batting: RHB Maziba Faraji 0-0: Ball
1-0: Called Strike
1-1: Called Strike
1-2: Ball
2-2: Strikes out looking
Batting: LHB Daniel Martínez 0-0: Ball
1-0: SINGLE (Flyball, 3D, EV 91.3 MPH)
Batting: RHB Jed Walker 0-0: Ball
1-0: Swinging Strike
1-1: Ball
2-1: Fly out, F8 (Flyball, 8RD, EV 105.6 MPH)
Batting: SHB Juan Padilla 0-0: Ball
1-0: Ball
Daniel Martínez is caught stealing 2nd base 2-4
Bottom of the 5th over - 0 runs, 1 hit, 0 errors, 0 left on base; DSL Colorado 0 - DSL Boston 1
TOP OF THE 6TH
DSL Colorado Rockies batting - Pitching for DSL Boston Red Sox : RHP Noriaki Kimura
Batting: LHB Luis Salazar 0-0: Ball
1-0: Ball
2-0: Ball
3-0: Base on Balls
Pinch Hitting: RHB Jim Unknown 0-0: Ball
Luis Salazar steals 2nd base
1-0: Ball
2-0: Ball
3-0: Called Strike
3-1: Foul Ball, location: 9LMF
3-2: Base on Balls
Batting: LHB Raúl Rodríguez 0-0: Ball
1-0: Ball
Wild Pitch!
Luis Salazar to third
Jim Unknown to second
2-0: Called Strike
2-1: Ball
3-1: Foul Ball, location: 7LDF
3-2: Foul Ball, location: 5DF
3-2: SINGLE (Line Drive, 4MD, EV 98.8 MPH)
Luis Salazar scores
Jim Unknown to third
Pinch Hitting: SHB Desi Hinojosa 0-0: Ball
1-0: Foul Ball, location: 5FF
1-1: Foul Ball, location: 9LSFF
1-2: Strikes out swinging
Batting: RHB Chris Williams 0-0: Called Strike
0-1: Called Strike
0-2: Strikes out swinging
Batting: RHB Anastasio Castillo 0-0: Foul Ball, location: 9LSF
0-1: Ball
1-1: Fly out, F9 (Flyball, 89M, EV 82.5 MPH)
Top of the 6th over - 1 run, 1 hit, 0 errors, 2 left on base; DSL Colorado 1 - DSL Boston 1
BOTTOM OF THE 6TH
DSL Boston Red Sox batting - Pitching for DSL Colorado Rockies : LHP Aurelio Camacho
Now at 2B: Jim Unknown
Now at 3B: Joe Thomas
Now in RF: Desi Hinojosa
Batting: SHB Juan Padilla 0-0: Ball
1-0: Ball
2-0: Ball
3-0: Base on Balls
Pitching: RHP Gilberto Viña
Batting: SHB Al McFadden 0-0: Called Strike
0-1: Bunted foul
0-2: Strikes out swinging
Batting: RHB Arturo Moreno 0-0: Ball
1-0: Fly out, F5 (Line Drive, 56, EV 66.3 MPH)
Batting: LHB José Quintero 0-0: Called Strike
0-1: Ball
1-1: Ball
2-1: Foul Ball, location: 7LDF
2-2: Foul Ball, location: 7LDF
2-2: Strikes out looking
Bottom of the 6th over - 0 runs, 0 hits, 0 errors, 1 left on base; DSL Colorado 1 - DSL Boston 1
TOP OF THE 7TH
DSL Colorado Rockies batting - Pitching for DSL Boston Red Sox : RHP Noriaki Kimura
Pitching: LHP Tomás Cruz
Batting: RHB Luis Fuentes 0-0: Foul Ball, location: 3F
0-1: Foul Ball, location: 2F
0-2: Ball
1-2: Ball
2-2: Strikes out swinging, 2-3 out at first.
Batting: LHB Iván Gonzáles 0-0: Called Strike
0-1: Ball
1-1: Ball
2-1: Foul Ball, location: 2F
2-2: Strikes out swinging
Batting: RHB Joe Thomas 0-0: Ball
1-0: Ground out U3 (Groundball, 34S, EV 84.4 MPH)
Top of the 7th over - 0 runs, 0 hits, 0 errors, 0 left on base; DSL Colorado 1 - DSL Boston 1
BOTTOM OF THE 7TH
DSL Boston Red Sox batting - Pitching for DSL Colorado Rockies : RHP Gilberto Viña
Batting: RHB Juan Vázquez 0-0: Ball
1-0: Ball
2-0: Ground out U3 (Groundball, 34, EV 106.3 MPH)
Batting: LHB Héctor Valentín 0-0: SINGLE (Groundball, 34D, EV 99.4 MPH)
Batting: RHB Maziba Faraji 0-0: Ball
1-0: Ball
2-0: Ball
3-0: Base on Balls
Héctor Valentín to second
Batting: LHB Daniel Martínez 0-0: Called Strike
0-1: Swinging Strike
0-2: Strikes out looking
Batting: RHB Jed Walker 0-0: Called Strike
0-1: Foul Ball, location: 9LMF
0-2: Ball
1-2: Ball
2-2: Strikes out looking
Bottom of the 7th over - 0 runs, 1 hit, 0 errors, 2 left on base; DSL Colorado 1 - DSL Boston 1
TOP OF THE 8TH
DSL Colorado Rockies batting - Pitching for DSL Boston Red Sox : LHP Tomás Cruz
Batting: LHB Luis Salazar 0-0: Called Strike
0-1: Called Strike
0-2: Ball
1-2: SOLO HOME RUN (Flyball, 9D, EV 98.1 MPH), Distance : 369 ft
Batting: RHB Jim Unknown 0-0: Foul Ball, location: 5DF
0-1: Ball
1-1: Foul Ball, location: 2F
1-2: Ground out 4-3 (Groundball, 4, EV 86.9 MPH)
DELAY Rain delay of 44 minutes in the 8th inning.
Pitching: LHP Raúl Serrano
Batting: LHB Raúl Rodríguez 0-0: Ball
1-0: Called Strike
1-1: Ball
2-1: Called Strike
2-2: Ball
3-2: Foul Ball, location: 2F
3-2: Foul Ball, location: 23F
3-2: Strikes out swinging
Batting: SHB Desi Hinojosa 0-0: Ball
1-0: Foul Ball, location: 25F
1-1: Foul Ball, location: 9LMF
1-2: Strikes out swinging
Top of the 8th over - 1 run, 1 hit, 0 errors, 0 left on base; DSL Colorado 2 - DSL Boston 1
BOTTOM OF THE 8TH
DSL Boston Red Sox batting - Pitching for DSL Colorado Rockies : RHP Gilberto Viña
Batting: SHB Juan Padilla 0-0: Ball
1-0: Ball
2-0: Ball
3-0: Called Strike
3-1: Foul Ball, location: 7LMFF
3-2: Base on Balls
Pitching: RHP Jorge Hernández
Batting: SHB Al McFadden 0-0: Sac Bunt to 15S - play at first, batter OUT! 1-3
Juan Padilla to second
Batting: RHB Arturo Moreno 0-0: Swinging Strike
0-1: DOUBLE (Line Drive, 9LS, EV 95.0 MPH)
Juan Padilla scores
Batting: LHB José Quintero 0-0: Intentional Walk
Pinch Hitting: RHB Raúl Cantú 0-0: Ball
1-0: Ball
Arturo Moreno steals 3rd base (no throw)
José Quintero to second
2-0: Ball
3-0: Called Strike
3-1: Called Strike
3-2: Base on Balls
Batting: LHB Héctor Valentín 0-0: Called Strike
0-1: Foul Ball, location: 23F
0-2: Ball
1-2: Hit by Pitch
Arturo Moreno scores
José Quintero to third
Raúl Cantú to second
Batting: RHB Maziba Faraji 0-0: Fly out, F2 (Popup, 2LF, EV 88.1 MPH)
Batting: LHB Daniel Martínez 0-0: Ball
1-0: Called Strike
1-1: Called Strike
1-2: Strikes out looking
Bottom of the 8th over - 2 runs, 1 hit, 0 errors, 3 left on base; DSL Colorado 2 - DSL Boston 3
TOP OF THE 9TH
DSL Colorado Rockies batting - Pitching for DSL Boston Red Sox : LHP Raúl Serrano
Pitching: RHP Jorge Guardado
Now at SS: Jim Unknown
Pinch Hitting: RHB Jim Unknown 0-0: Ball
1-0: Called Strike
1-1: Foul Ball, location: 2F
1-2: Ball
2-2: Strikes out looking
Pinch Hitting: SHB Juan Méndez 0-0: Foul Ball, location: 5SF
0-1: Called Strike
0-2: Ball
1-2: Strikes out swinging
Pinch Hitting: RHB Octávio Acevedo 0-0: Called Strike
0-1: Foul Ball, location: 2F
0-2: Strikes out looking
Top of the 9th over - 0 runs, 0 hits, 0 errors, 0 left on base; DSL Colorado 2 - DSL Boston 3
Monday, April 29th , 2024 - OOTP Baseball 24.10 Build 82